Map: Emerald City LE

Players

Massa - Winner!

  • Race: Terran Terran
  • League: Platinum
  • Spawn Location: 5:00

qqq - Winner!

  • Race: Zerg Zerg
  • League: Platinum
  • Spawn Location: 5:00

Deserter

  • Race: Terran Terran
  • Spawn Location: 11:00

Head

  • Race: Protoss Protoss
  • Spawn Location: 11:00

VOD

Have the link to the VOD?

Description

Time

  • Played on: Dec. 9, 2020, 1 p.m.
  • Length: 4:35
Show
View Real Time Build Order
Export as new Build Order

Massa Terran - Winner!

Build Orders:  

Get SALT Encoding   

  12  0:00  SCV  
  13  0:12  SCV  
  14  0:23  Supply Depot  
  14  0:24  SCV  
  15  0:45  SCV  
  16  0:57  SCV  
  17  1:05  Barracks  
  17  1:13  SCV  
  17  1:15  Refinery  
  17  1:18  Refinery  
  18  1:23  Barracks  
  18  1:26  SCV  
  19  1:38  SCV  
  20  1:50  SCV  
  21  1:54  Barracks Tech Lab  
  21  2:02  Orbital Command  
  21  2:11  Barracks Tech Lab  
  21  2:14  Marauder  
  21  2:15  Concussive Shells  
  23  2:45  Bunker  
  23  2:50  Stimpack  
  23  3:07  Supply Depot  
  23  3:08  Supply Depot  
  22  3:29  Marauder x2  
  26  3:41  Engineering Bay  
  26  3:42  SCV, Command Center  
  26  3:43  Factory  
  27  3:50  Marauder x2  
Show
View Real Time Build Order
Export as new Build Order

qqq Zerg - Winner!

Build Orders: Hatch First 

Get SALT Encoding   

  12  0:01  Drone  
  13  0:08  Drone  
  14  0:17  Overlord  
  14  0:46  Hatchery  
  13  1:08  Drone x3  
  13  1:11  Extractor  
  15  1:19  Spawning Pool  
  14  1:37  Drone x2  
  17  2:01  Drone x2  
  17  2:02  Drone  
  17  2:06  Queen  
  21  2:12  Queen  
  21  2:14  Drone  
  24  2:21  Metabolic Boost  
  23  2:28  Drone  
  24  2:31  Drone  
  24  2:35  Overlord  
  25  2:39  Drone  
  25  2:42  Drone  
  27  2:49  Zergling x2  
  28  2:54  Zergling x2  
  28  2:56  Overlord  
  28  2:58  Zergling x2  
  30  3:07  Zergling x2  
  30  3:09  Zergling x2  
  30  3:12  Zergling x2  
  33  3:20  Zergling x2  
  33  3:23  Zergling x2  
  33  3:26  Zergling x2  
  36  3:33  Overlord  
  36  3:36  Zergling x2  
  37  3:43  Zergling x2  
  38  3:56  Zergling x6  
  38  3:57  Zergling x6  
  38  3:58  Zergling x2  
  44  4:04  Zergling x2  
  47  4:30  Hatchery  
Show
View Real Time Build Order
Export as new Build Order

Deserter Terran 

Build Orders: 2 Factory, Gas First Reaper Expand 

Get SALT Encoding   

  12  0:03  SCV  
  13  0:15  SCV  
  13  0:19  Supply Depot  
  15  0:30  Refinery  
  14  0:42  Barracks  
  14  0:44  SCV  
  15  0:56  SCV  
  16  1:08  SCV  
  17  1:20  SCV  
  17  1:23  Refinery  
  18  1:29  Reaper  
  19  1:35  Supply Depot  
  19  1:39  Orbital Command  
  19  2:04  Command Center  
  19  2:13  SCV  
  20  2:26  Factory  
  21  2:37  SCV  
  21  2:39  Refinery  
  21  2:48  Factory  
  21  2:49  SCV  
  22  2:52  Marine  
  23  3:10  Marine  
  24  3:27  Orbital Command  
  24  3:34  Bunker  
  24  3:41  Bunker  
  24  3:42  Factory Tech Lab x2  
  22  4:08  Hellion x2  
  25  4:12  Supply Depot x2  
Show
View Real Time Build Order
Export as new Build Order

Head Protoss 

Build Orders:  

Get SALT Encoding   

  12  0:00  Probe  
  13  0:23  Probe  
  13  0:25  Pylon  
  14  0:35  Probe  
  15  0:52  Forge  
  15  0:57  Pylon  
  15  0:59  Gateway  
  15  1:07  Assimilator  
  15  1:10  Assimilator  
  15  1:28  Probe (Chrono Boost)  
  16  1:38  Probe (Chrono Boost)  
  17  1:43  Probe (Chrono Boost)  
  18  1:54  Probe  
  19  2:05  Cybernetics Core  
  19  2:06  Probe  
  20  2:18  Probe  
  20  2:21  Nexus  
  21  2:32  Probe (Chrono Boost)  
  23  2:44  Probe (Chrono Boost)  
  23  2:46  Stalker (Chrono Boost)  
  23  2:50  Warp Gate  
  25  2:52  Probe (Chrono Boost)  
  26  3:14  Probe, Photon Cannon  
  26  3:19  Photon Cannon  
  27  3:25  Stalker (Chrono Boost)  
  27  3:26  Probe  
  30  3:38  Probe x2  
  32  3:44  Pylon  
  32  3:50  Probe  
  32  3:51  Probe  
  32  4:04  Stalker (Chrono Boost)  
Tags
 
Add a new tag
Caveats
  • Supply blocks, unpowered buildings, or Contaminate may cause inaccurate times.
  • Supply counts are checked every 10 seconds.